BSA
BOSTON REBELS @ SO CAL BRUINS
05/23/2029
 
TOP OF THE 1ST
Boston Rebels batting - Pitching for So Cal Bruins : RHP Jeffrey King
Pitching: RHP Jeffrey King
Batting: LHB Howard Lambert 0-0: Ball
1-0: Foul Ball, location: 2F
1-1: SOLO HOME RUN (Flyball, 89XD), Distance : 406 ft
Batting: SHB António Enríquez 0-0: Called Strike
0-1: Ground out 5-3 (Groundball, 56S)
Batting: LHB Felipe Guerrero 0-0: Ball
1-0: Ground out 3-1 (Groundball, 34)
Batting: RHB Aaron Wilson 0-0: Called Strike
0-1: Ball
1-1: Called Strike
1-2: Strikes out swinging
Top of the 1st over - 1 run, 1 hit, 0 errors, 0 left on base; Boston 1 - So Cal 0
BOTTOM OF THE 1ST
So Cal Bruins batting - Pitching for Boston Rebels : RHP Gary Grimes
Pitching: RHP Gary Grimes
Batting: LHB Jesús Campos 0-0: Called Strike
0-1: Fly out, F8 (Flyball, 8RXD)
Batting: LHB Bob Ware 0-0: Ground out 4-3 (Groundball, 4MS)
Batting: LHB Kiyonaga Morita 0-0: Ball
1-0: Called Strike
1-1: Ball
2-1: Ball
3-1: Ground out 6-3 (Groundball, 6)
Bottom of the 1st over - 0 runs, 0 hits, 0 errors, 0 left on base; Boston 1 - So Cal 0
TOP OF THE 2ND
Boston Rebels batting - Pitching for So Cal Bruins : RHP Jeffrey King
Batting: LHB Ricardo Brandariz 0-0: Called Strike
0-1: Swinging Strike
0-2: Strikes out swinging
Batting: RHB Roberto Chávez 0-0: Fly out, F8 (Flyball, 78S)
Batting: RHB Gerald Burnett 0-0: Ball
1-0: Called Strike
1-1: Foul Ball, location: 2F
1-2: Strikes out looking
Top of the 2nd over - 0 runs, 0 hits, 0 errors, 0 left on base; Boston 1 - So Cal 0
BOTTOM OF THE 2ND
So Cal Bruins batting - Pitching for Boston Rebels : RHP Gary Grimes
Batting: LHB José Antonio Santiago 0-0: Ball
1-0: Foul Ball, location: 2F
1-1: SOLO HOME RUN (Flyball, 9D), Distance : 351 ft
Batting: RHB Rubén Calderón 0-0: Called Strike
0-1: Fly out, F7 (Flyball, 7LMF)
Batting: LHB Jeff Carter 0-0: Called Strike
0-1: Swinging Strike
0-2: Foul Ball, location: 2F
0-2: Ball
1-2: Strikes out looking
Batting: RHB Lawrence Schroeder 0-0: Ball
1-0: Ground out 4-3 (Groundball, 4)
Bottom of the 2nd over - 1 run, 1 hit, 0 errors, 0 left on base; Boston 1 - So Cal 1
TOP OF THE 3RD
Boston Rebels batting - Pitching for So Cal Bruins : RHP Jeffrey King
Batting: SHB Devin Smith 0-0: Called Strike
0-1: SINGLE (Groundball, 34D)
Batting: RHB Ed Watkins 0-0: Ball
1-0: Called Strike
1-1: Grounds into double play, 6-4-3 (Groundball, 6)
Batting: LHB Howard Lambert 0-0: Ground out 4-3 (Groundball, 4)
Top of the 3rd over - 0 runs, 1 hit, 0 errors, 0 left on base; Boston 1 - So Cal 1
BOTTOM OF THE 3RD
So Cal Bruins batting - Pitching for Boston Rebels : RHP Gary Grimes
Batting: RHB Javier Deleón 0-0: Called Strike
0-1: Foul Ball, location: 2F
0-2: Strikes out looking
Batting: SHB Chris Woods 0-0: SINGLE (Flyball, 9LS)
Batting: LHB Jesús Campos 0-0: Called Strike
0-1: Ball
1-1: Ball
2-1: Foul Ball, location: 2F
2-2: Fly out, F3 (Popup, 34S)
Batting: LHB Bob Ware 0-0: Swinging Strike
0-1: Ball
1-1: Ball
2-1: Fly out, F7 (Flyball, 7)
Bottom of the 3rd over - 0 runs, 1 hit, 0 errors, 1 left on base; Boston 1 - So Cal 1
TOP OF THE 4TH
Boston Rebels batting - Pitching for So Cal Bruins : RHP Jeffrey King
Batting: SHB António Enríquez 0-0: Called Strike
0-1: Called Strike
0-2: Ground out U3 (Groundball, 3)
Batting: LHB Felipe Guerrero 0-0: Ball
1-0: DOUBLE (Flyball, 78D)
Batting: RHB Aaron Wilson 0-0: Called Strike
0-1: SINGLE (Groundball, 6) (infield hit)
Felipe Guerrero to third
Batting: LHB Ricardo Brandariz 0-0: Called Strike
0-1: Swinging Strike
0-2: Foul Ball, location: 2F
0-2: Strikes out swinging
Batting: RHB Roberto Chávez 0-0: Ball
1-0: Foul Ball, location: 2F
1-1: Swinging Strike
1-2: Strikes out swinging
Top of the 4th over - 0 runs, 2 hits, 0 errors, 2 left on base; Boston 1 - So Cal 1
BOTTOM OF THE 4TH
So Cal Bruins batting - Pitching for Boston Rebels : RHP Gary Grimes
Batting: LHB Kiyonaga Morita 0-0: Called Strike
0-1: Swinging Strike
0-2: Foul Ball, location: 2F
0-2: Ball
1-2: Strikes out swinging
Batting: LHB José Antonio Santiago 0-0: Ball
1-0: Called Strike
1-1: Foul Ball, location: 2F
1-2: Ball
2-2: Ball
3-2: Base on Balls
Batting: RHB Rubén Calderón 0-0: Called Strike
0-1: Ball
1-1: Ball
2-1: Foul Ball, location: 2F
2-2: Strikes out looking
José Antonio Santiago steals 2nd base
Batter strikes out.
Batting: LHB Jeff Carter 0-0: Ball
1-0: Ball
2-0: Ball
3-0: Base on Balls
Batting: RHB Lawrence Schroeder 0-0: Called Strike
0-1: Ball
1-1: Ball
2-1: SINGLE (Line Drive, 6M)
José Antonio Santiago to third
Jeff Carter to second
Runner from 3rd tries for Home, SAFE, no throw
Batting: RHB Javier Deleón 0-0: Called Strike
0-1: Ball
1-1: Ground out 5-3 (Groundball, 56S)
Bottom of the 4th over - 1 run, 1 hit, 0 errors, 2 left on base; Boston 1 - So Cal 2
TOP OF THE 5TH
Boston Rebels batting - Pitching for So Cal Bruins : RHP Jeffrey King
Batting: RHB Gerald Burnett 0-0: Ball
1-0: Fly out, F6 (Popup, 4MS)
Batting: SHB Devin Smith 0-0: Ball
1-0: Ground out 4-3 (Groundball, 4D)
Batting: RHB Ed Watkins 0-0: Ball
1-0: Called Strike
1-1: Swinging Strike
1-2: Strikes out swinging
Top of the 5th over - 0 runs, 0 hits, 0 errors, 0 left on base; Boston 1 - So Cal 2
BOTTOM OF THE 5TH
So Cal Bruins batting - Pitching for Boston Rebels : RHP Gary Grimes
Batting: SHB Chris Woods 0-0: Called Strike
0-1: Called Strike
0-2: Strikes out swinging
Batting: LHB Jesús Campos 0-0: Ball
1-0: Foul Ball, location: 2F
1-1: Ball
2-1: Fly out, F9 (Flyball, 89S)
Batting: LHB Bob Ware 0-0: Called Strike
0-1: Foul Ball, location: 2F
0-2: Ball
1-2: Ball
2-2: Fly out, F8 (Line Drive, 8LM)
Bottom of the 5th over - 0 runs, 0 hits, 0 errors, 0 left on base; Boston 1 - So Cal 2
TOP OF THE 6TH
Boston Rebels batting - Pitching for So Cal Bruins : RHP Jeffrey King
Batting: LHB Howard Lambert 0-0: Foul Ball, location: 2F
0-1: Foul Ball, location: 2F
0-2: Ball
1-2: Ball
2-2: Strikes out swinging
Batting: SHB António Enríquez 0-0: Called Strike
0-1: Ball
1-1: Ball
2-1: Fly out, F8 (Flyball, 8LXD)
Batting: LHB Felipe Guerrero 0-0: Called Strike
0-1: Called Strike
0-2: Ball
1-2: Ball
2-2: Ball
3-2: Ground out 4-3 (Groundball, 4D)
Top of the 6th over - 0 runs, 0 hits, 0 errors, 0 left on base; Boston 1 - So Cal 2
BOTTOM OF THE 6TH
So Cal Bruins batting - Pitching for Boston Rebels : RHP Gary Grimes
Batting: LHB Kiyonaga Morita 0-0: Called Strike
0-1: Ball
1-1: SOLO HOME RUN (Flyball, 9LD), Distance : 346 ft
Batting: LHB José Antonio Santiago 0-0: Ball
1-0: Called Strike
1-1: Swinging Strike
1-2: SINGLE (Flyball, 9LS)
Batting: RHB Rubén Calderón 0-0: Ball
1-0: Called Strike
1-1: Swinging Strike
1-2: Foul Ball, location: 2F
1-2: Ball
2-2: Fly out, F8 (Flyball, 8RXD)
Batting: LHB Jeff Carter 0-0: Foul Ball, location: 2F
0-1: Foul Ball, location: 2F
0-2: Strikes out looking
Batting: RHB Lawrence Schroeder 0-0: Fly out, F9 (Line Drive, 9D)
Bottom of the 6th over - 1 run, 2 hits, 0 errors, 1 left on base; Boston 1 - So Cal 3
TOP OF THE 7TH
Boston Rebels batting - Pitching for So Cal Bruins : RHP Jeffrey King
Batting: RHB Aaron Wilson 0-0: Swinging Strike
0-1: Swinging Strike
0-2: Strikes out looking
Batting: LHB Ricardo Brandariz 0-0: Foul Ball, location: 2F
0-1: Ball
1-1: Ball
2-1: Swinging Strike
2-2: Ball
3-2: Strikes out swinging
Batting: RHB Roberto Chávez 0-0: Called Strike
0-1: Fly out, F8 (Flyball, 8RD)
Top of the 7th over - 0 runs, 0 hits, 0 errors, 0 left on base; Boston 1 - So Cal 3
BOTTOM OF THE 7TH
So Cal Bruins batting - Pitching for Boston Rebels : RHP Gary Grimes
Batting: RHB Javier Deleón 0-0: Called Strike
0-1: Foul Ball, location: 2F
0-2: Strikes out looking
Batting: SHB Chris Woods 0-0: Foul Ball, location: 2F
0-1: Ball
1-1: Ground out 3-1 (Groundball, 34S)
Batting: LHB Jesús Campos 0-0: Ball
1-0: SINGLE (Line Drive, 4)
Batting: LHB Bob Ware 0-0: Ball
Jesús Campos is caught stealing 2nd base
Bottom of the 7th over - 0 runs, 1 hit, 0 errors, 0 left on base; Boston 1 - So Cal 3
TOP OF THE 8TH
Boston Rebels batting - Pitching for So Cal Bruins : RHP Jeffrey King
Batting: RHB Gerald Burnett 0-0: Foul Ball, location: 2F
0-1: Swinging Strike
0-2: Ball
1-2: Ball
2-2: Strikes out swinging
Batting: SHB Devin Smith 0-0: Ball
1-0: Ball
2-0: Ground out 4-3 (Groundball, 4)
Batting: RHB Ed Watkins 0-0: Called Strike
0-1: Called Strike
0-2: Foul Ball, location: 2F
0-2: Ball
1-2: Foul Ball, location: 2F
1-2: Ball
2-2: Ball
3-2: Strikes out swinging
Top of the 8th over - 0 runs, 0 hits, 0 errors, 0 left on base; Boston 1 - So Cal 3
BOTTOM OF THE 8TH
So Cal Bruins batting - Pitching for Boston Rebels : RHP Gary Grimes
Pitching: RHP Ramón López
Batting: LHB Bob Ware 0-0: Ball
1-0: Ball
2-0: Called Strike
2-1: Swinging Strike
2-2: Ball
3-2: Base on Balls
Batting: LHB Kiyonaga Morita 0-0: Ball
1-0: Foul Ball, location: 2F
1-1: Ball
2-1: SINGLE (Flyball, 7LS)
Bob Ware to second
Batting: LHB José Antonio Santiago 0-0: Called Strike
0-1: Ball
1-1: Swinging Strike
1-2: Foul Ball, location: 2F
1-2: Foul Ball, location: 2F
1-2: Foul Ball, location: 2F
1-2: Strikes out swinging
Batting: RHB Rubén Calderón 0-0: Ball
1-0: Fly out, F9 (Flyball, 9S)
Batting: LHB Jeff Carter 0-0: Ball
1-0: Ball
2-0: Called Strike
2-1: Foul Ball, location: 2F
2-2: Ball
3-2: Foul Ball, location: 2F
3-2: Strikes out swinging
Bottom of the 8th over - 0 runs, 1 hit, 0 errors, 2 left on base; Boston 1 - So Cal 3
TOP OF THE 9TH
Boston Rebels batting - Pitching for So Cal Bruins : RHP Jeffrey King
Pitching: RHP Masahiko Okada
Batting: LHB Howard Lambert 0-0: Ball
1-0: SINGLE (Line Drive, 9S)
Batting: SHB António Enríquez 0-0: Foul Ball, location: 2F
0-1: Ball
1-1: Swinging Strike
1-2: Ball
2-2: Ball
3-2: SINGLE (Groundball, 34D)
Howard Lambert to second
Batting: LHB Felipe Guerrero 0-0: Grounds into double play, 4-6-3 (Groundball, 4)
Howard Lambert to third
Batting: RHB Aaron Wilson 0-0: Ball
1-0: Ball
2-0: Ground out 4-3 (Groundball, 4)
Top of the 9th over - 0 runs, 2 hits, 0 errors, 1 left on base; Boston 1 - So Cal 3
Saturday, December 16th, 2017 - OOTP Baseball 18.8 Build 76